 Dungeon Crawl Stone Soup version 0.31-a0-133-gaae73658be (webtiles) character file.

Game seed: 7205604409281422353

519 Ijustatesigmund the Magician (level 7, -4/38 (41) HPs)
             Began as an Octopode Conjurer on June 2, 2023.
             Slain by a wight
             ... wielding a +0 mace
              (8 damage)
             ... on level 5 of the Dungeon.
             The game lasted 00:10:20 (4977 turns).

Ijustatesigmund the Magician (Octopode Conjurer)    Turns: 4977, Time: 00:10:20

HP:   -4/38 (41)    AC:  1    Str:  5      XL:     7   Next: 21%
MP:   4/14          EV: 12    Int: 27      God:
Gold: 378           SH:  0    Dex:  6 (7)  Spells: 9/16 levels left

rFire   . . .        d - +5 mace
rCold   . . .        (no shield)
rNeg    . . .        (helmet restricted)
rPois   .            (no amulet)
rElec   .            k - ring of flight
rCorr   .            (no ring)
SInv    .            (no ring)
Will    +....        (no ring)
Stlth   +++          (no ring)
HPRegen 0.26/turn    (no ring)
MPRegen 0.14/turn    (no ring)
                     (no ring)

%: no passive effects
@: mighty, brilliant, on berserk cooldown, enlightened, flying, slowed, drained,
very slow
A: almost no armour, amphibious, 8 rings, camouflage 1, gelatinous body 1,
(nimble swimmer 1), tentacles, clever 1, clumsy 1
a: no special abilities


You were on level 5 of the Dungeon.
You visited 1 branch of the dungeon, and saw 5 of its levels.

You collected 378 gold pieces.

Inventory:

Hand Weapons
 d - a +5 mace (weapon)
Jewellery
 c - a ring of ice
 k - a ring of flight (left tentacle)
Wands
 l - a wand of flame (19)
 n - a wand of iceblast (8)
Scrolls
 j - 2 scrolls of poison
 m - a scroll of noise {unknown}
 p - a scroll of blinking
Potions
 b - 2 potions of attraction
 e - a potion of mutation
 i - a potion of might


   Skills:
 + Level 0.0 Fighting
 + Level 0.0 Maces & Flails
 - Level 2.0 Dodging
 - Level 2.6 Stealth
 + Level 5.1 Spellcasting
 - Level 4.7 Conjurations
 + Level 4.2 Translocations


You had 9 spell levels left.
You knew the following spells:

 Your Spells              Type           Power      Damage    Failure   Level
a - Magic Dart            Conj           100%       1d8       1%          1
b - Searing Ray           Conj           98%        2d8       1%          2
c - Iskenderun's Mystic   Conj/Tloc      47%        2d10      11%         4

Your spell library contained the following spells:

 Spells                   Type           Power      Damage    Failure   Level
 Dazzling Flash           Conj/Hex       58%        N/A       8%          3
 Cigotuvi's Dreadful Rot  Necr/Pois/Air  20%        N/A       11%         2
 Scorch                   Fire           20%        2d5       11%         2
 Summon Guardian Golem    Hex/Summ       10%        N/A       22%         3
 Flame Wave               Conj/Fire      29%        2d9       26%         4
 Fulminant Prism          Conj/Hex       14%        3d9       26%         4
 Dispel Undead            Necr           10%        3d9       56%         4
 Death Channel            Necr           5%         N/A       100%        6
 Summon Cactus Giant      Summ           5%         N/A       100%        6
 Orb of Destruction       Conj           24%        9d9       100%        7
 Spellforged Servitor     Conj/Summ      14%        N/A       100%        7


Dungeon Overview and Level Annotations

Branches:
Dungeon (5/15)             Temple (0/1) D:4

Altars:
Makhleb
Vehumet

Annotations:
D:4 Eustachio


Innate Abilities, Weirdness & Mutations

You cannot wear most types of armour.
You are amphibious.
You can wear up to eight rings at the same time.
Your skin changes colour to match your surroundings (Stealth+).
Your rubbery body absorbs attacks. (AC +1, EV +1)
((You are camouflaged when in or above water. (Stealth+)))
You have tentacles for arms and can constrict up to eight enemies at once.
Your mind is acute. (Int +4, Str/Dex -1)
You are clumsy. (Dex -2)


Message History

You feel drained.
You bump into the rock wall.
You feel less confused. Something hits you. The wight barely misses you.
The orc hits you with a +0 short sword.
* * * LOW HITPOINT WARNING * * *
The orc closely misses you.
A wight comes into view. It is wielding a +0 long sword.
The wight hits you with a +0 mace.
* * * LOW HITPOINT WARNING * * *
You feel drained.
* * * LOW HITPOINT WARNING * * *
Blink to where?
Press: ? - help, Dir - move target
As you read the scroll of blinking, it crumbles to dust.
Really read the scroll of poison?
You can't even see any enemies this would affect.
The air fills with toxic fumes!
As you read the scroll of poison, it crumbles to dust.
It was a potion of enlightenment.
You feel more buoyant.
Casting: Searing Ray (safe; 1% risk of failure)
Confirm with . or Enter, or press ? or * to list all spells.
Aiming: Searing Ray (safe; 1% risk of failure)
Press: ? - help, Shift-Dir - straight line, f - jelly
Aim: a jelly (poison gas, 100% to hit)
You feel a surge of power!
The searing ray hits the jelly.
The jelly is moderately wounded. (Press . to maintain the ray.)
The jelly barely misses you.
The searing ray hits the jelly!
The jelly is almost dead.
The searing ray hits the wight!
The wight is heavily damaged.
The jelly closely misses you.
The searing ray hits the jelly!
You kill the jelly!
The wight hits you with a +0 mace.
* * * LOW HITPOINT WARNING * * *
The wight hits you with a +0 mace!
You die...

#####.o#...##....##
#§§§o☼§§§☼§☼§§.....
#§☼§§§)☼☼§§§§..##..
##§§§§.§§§§§....#
#..§§§§§§§§§.....#
#....§☼☼§§§§...#....
##....#☼§§z...###....
##..###z§#...# ....
##.#§§§@###.# ...
§§§§§☼§☼§§§☼§§§
§§§§☼☼§#§§§####
§#§#§§§ ##§§# # ##☼#
§§# ## ##


You could see 2 wights and an orc.

Vanquished Creatures
  A scorpion (D:4)
  2 wights (D:5)
  3 jellies
  A hound (D:4)
  An orc priest (D:3)
  Jessica (D:2)
  An orc wizard (D:3)
  Robin (D:2)
  3 gnolls (D:3)
  5 adders
  An ufetubus (D:4)
  2 worms
  6 orcs
  8 endoplasms
  5 giant cockroaches
  16 goblins
  8 hobgoblins
  5 jackals
  3 kobolds
  A quokka (D:2)
  13 ball pythons
  4 bats
  4 frilled lizards
  7 rats
102 creatures vanquished.

Notes
Turn   | Place    | Note
-------+----------+-------------------------------------------
     0 | D:1      | Ijustatesigmund the Octopode Conjurer began the quest for
                  | the Orb.
     0 | D:1      | Reached XP level 1. HP: 11/11 MP: 3/3
   158 | D:1      | Reached XP level 2. HP: 17/17 MP: 1/5
   161 | D:1      | Learned a level 2 spell: Searing Ray
   980 | D:1      | Found a faded altar of an unknown god.
   983 | D:1      | Reached XP level 3. HP: 21/21 MP: 2/7
  1316 | D:2      | You fall into a shaft and drop 1 floor!
  1619 | D:2      | Noticed Robin
  1631 | D:2      | Killed Robin
  1632 | D:2      | Reached skill level 3 in Spellcasting
  1695 | D:2      | Reached XP level 4. HP: 24/27 MP: 5/8
  1703 | D:2      | Learned a level 4 spell: Iskenderun's Mystic Blast
  2145 | D:2      | Noticed Jessica
  2155 | D:2      | Killed Jessica
  2156 | D:2      | Reached skill level 1 in Translocations
  2738 | D:3      | Reached XP level 5. HP: 31/31 MP: 5/10
  2982 | D:3      | Reached skill level 4 in Spellcasting
  3286 | D:3      | Reached XP level 6. HP: 36/36 MP: 10/12
  3550 | D:3      | Found a burning altar of Makhleb.
  4098 | D:4      | Found a radiant altar of Vehumet.
  4238 | D:4      | Found a staircase to the Ecumenical Temple.
  4787 | D:5      | Entered Level 5 of the Dungeon
  4793 | D:5      | Noticed Eustachio
  4805 | D:5      | Reached skill level 5 in Spellcasting
  4805 | D:5      | Reached XP level 7. HP: 41/41 MP: 10/14
  4961 | D:4      | Gained mutation: You are clumsy. (Dex -2) [potion of
                  | mutation]
  4961 | D:4      | Gained mutation: Your mind is acute. (Int +4, Str/Dex -1)
                  | [potion of mutation]
  4977 | D:5      | Slain by a wight

Illustrated notes

Levels and vault maps discovered:
D:1:      lightli_arrival_farm, layout_basic,
          ebering_ecumenical_altar_sacrificial, st_stairs_1, minmay_hedge_maze,
          serial_bayou_pond_c, minivault_5
D:2:      layout_basic, uniq_jessica, uniq_robin
D:3:      layout_rooms, mainiacjoe_overflow_cross_hatched,
          minmay_shallow_snake_nest
D:4:      layout_rooms, vehumet_altar_wand_db, minmay_temple_entry_from_below_a
D:5:      layout_cave_pools, gammafunk_temple_overflow_elements, serial_demonic,
          serial_demonic_g, serial_demonic_g, serial_demonic_g,
          serial_demonic_a, uniq_eustachio

Skill      XL: |  1  2  3  4  5  6 |
---------------+-------------------+-----
Spellcasting   | 3 4 5 |  5.1
Translocations | 1 2 4 |  4.2
Dodging        | |  2.0
Stealth        | |  2.6
Conjurations   | |  4.7

Action                     |  1- 3 |  4- 6 |  7- 9 || total
---------------------------+-------+-------+-------++-------
  Melee: Unarmed           |     3 |       |       ||     3
         Tentacles         |    49 |     2 |     1 ||    52
         Constrict         |     8 |     2 |     1 ||    11
         Mace              |   139 |     2 |     3 ||   144
         Punch             |     2 |       |       ||     2
         Flail             |       |    10 |       ||    10
   Cast: Magic Dart        |    27 |    89 |     3 ||   119
         Searing Ray       |     3 |    14 |     6 ||    23
         Iskenderun's Myst |       |       |     1 ||     1
    Use: Scroll            |     3 |     4 |     2 ||     9
         Potion            |       |     1 |    11 ||    12
   Stab: Sleeping          |     4 |     1 |       ||     5
 Armour: Skin              |     4 |     2 |     3 ||     9
  Dodge: Dodged            |    19 |    10 |    22 ||    51

Table legend: (Time is in decaauts)
 A = Elapsed time spent in this place.
 B = Non-inter-level travel time spent in this place.
 C = Inter-level travel time spent in this place.
 D = Time resting spent in this place.
 E = Time spent auto-exploring this place.
 F = Levels seen in this place.
 G = Mean time per level.
                   A        B        C        D        E       F      G
               +--------+--------+--------+--------+--------+-----+--------+
         Total |   5040 |   4956 |     84 |    926 |   3239 |   5 | 1008.0 |
       Dungeon |   5040 |   4956 |     84 |    926 |   3239 |   5 | 1008.0 |
               +--------+--------+--------+--------+--------+-----+--------+

Top non-repeatable levels by time:
     D:2: 1409 daAuts
     D:3: 1262 daAuts
     D:1: 1176 daAuts
     D:4: 1019 daAuts
     D:5: 172 daAuts
